 Dungeon Crawl Stone Soup version 0.25-a0-160-gd1d2e81aba (webtiles) character file.

Game seed: 14838153885763828193, levelgen mode: deterministic

3385 maxmp3 the Spear-Bearer (level 9, -11/69 HPs)
             Began as a Demonspawn Gladiator on Nov 21, 2019.
             Was a Priest of Nemelex Xobeh.
             Mangled by a two-headed ogre
             ... wielding a +0 giant club
              (14 damage)
             ... on level 8 of the Dungeon.
             The game lasted 00:47:49 (6530 turns).

maxmp3 the Spear-Bearer (Demonspawn Gladiator)      Turns: 6530, Time: 00:47:49

Health: -11/69     AC: 20    Str: 21    XL:     9   Next: 74%
Magic:  9/9        EV:  4    Int: 10    God:    Nemelex Xobeh [***...]
Gold:   529        SH:  4    Dex: 15    Spells: 8/8 levels left

rFire    . . .     SeeInvis +   H - +3 scythe (vamp)
rCold    + . .     Gourm    .   (shield currently unavailable)
rNeg     . . .     Faith    +   u - +0 crystal plate armour
rPois    .         Spirit   .   c - +0 helmet
rElec    .         Reflect  .   J - +0 cloak
rCorr    .         Harm     .   (gloves unavailable)
MR       .....                  (no boots)
Stlth    ..........             I - amulet of faith
HPRegen  0.21/turn              K - +4 ring of strength
MPRegen  0.11/turn              O - ring of see invisible

@: no status effects
A: claws 3, large bone plates 1, cold resistance 1, demonic guardian 1
a: Draw Escape, Draw Destruction, Draw Summoning, Triple Draw, Renounce Religion


You were on level 8 of the Dungeon.
You worshipped Nemelex Xobeh.
Nemelex Xobeh was most pleased with you.
You were not hungry.

You visited 2 branches of the dungeon, and saw 9 of its levels.

You collected 529 gold pieces.

Inventory:

Hand Weapons
 a - a +0 trident
 v - a +2 short sword of venom
 y - a +3 spear
 C - a +0 trident
 D - a +3 rapier
 E - a +0 shortbow
 H - a +3 vampiric scythe (weapon)
Missiles
 d - 3 throwing nets (quivered)
 j - 130 arrows
 k - 44 poisoned darts
 o - 69 bolts
 A - 75 sling bullets
Armour
 b - a +0 leather armour
 c - a +0 helmet (worn)
 m - a +0 scale mail
 p - a +0 ring mail
 u - a +0 crystal plate armour (worn)
 G - a +0 shield
 J - a +0 cloak (worn)
Magical Staves
 F - an uncursed staff of power
Jewellery
 I - an amulet of faith (around neck)
 K - a +4 ring of strength (left claw)
 L - an uncursed ring of positive energy
 O - a ring of see invisible (right claw)
Wands
 N - a wand of polymorph (7)
Scrolls
 e - 3 scrolls of remove curse
 h - 2 scrolls of magic mapping
 i - 3 scrolls of blinking
 l - a scroll of amnesia {unknown}
 t - 3 scrolls of enchant armour
 w - 2 scrolls of teleportation {unknown}
 x - 2 scrolls of enchant weapon {unknown}
 M - a scroll of vulnerability {unknown}
Potions
 g - 3 potions of lignification
 n - a potion of ambrosia
 q - a potion of flight {unknown}
 r - 3 potions of haste {unknown}
 s - 2 potions of degeneration {unknown}
 z - 2 potions of curing
 B - a potion of cancellation {unknown}
Comestibles
 f - 18 rations


   Skills:
 + Level 6.0 Fighting
 + Level 2.6 Short Blades
 + Level 8.9 Polearms
 + Level 1.9 Throwing
 + Level 6.1 Armour
 + Level 3.2 Dodging
 + Level 2.4 Stealth
 + Level 1.7 Shields


You had 8 spell levels left.
You didn't know any spells.
Your spell library contained the following spells:

 Spells                   Type           Power        Failure   Level  Hunger
 Animate Skeleton         Necr           N/A          100%        1    ##.....
 Apportation              Tloc           #.....       100%        1    ##.....
 Confusing Touch          Hex            #.....       100%        1    ##.....
 Summon Small Mammal      Summ           #...         100%        1    ##.....


Dungeon Overview and Level Annotations

Branches:
Dungeon (8/15)             Temple (1/1) D:6
   Lair: D:8-11

Altars:
Ashenzari
Cheibriados
Dithmenos
Elyvilon
Fedhas
Hepliaklqana
Kikubaaqudgha
Makhleb
Nemelex Xobeh
Okawaru
Qazlal
Ru
Sif Muna
Trog
Uskayaw
Wu Jian
Xom
Yredelemnul
Zin
The Shining One

Shops:
D:5 *


Innate Abilities, Weirdness & Mutations

You have claws for hands.
You are partially covered in large bone plates. (SH +4)
Your flesh is cold resistant. (rC+)
A weak demonic guardian rushes to your aid.


Message History

Your ufetubus closely misses the two-headed ogre.
The two-headed ogre hits you with a +0 giant club!
* * * LOW HITPOINT WARNING * * *
The two-headed ogre hits you with a +0 giant spiked club.
* * * LOW HITPOINT WARNING * * *
Your ufetubus barely misses the two-headed ogre. x2
Your ufetubus hits the two-headed ogre.
Your ufetubus barely misses the two-headed ogre.
Your shadow imp hits the two-headed ogre but does no damage.
Your ufetubus hits the two-headed ogre.
Your ufetubus barely misses the two-headed ogre.
Your shadow imp gestures at the two-headed ogre.
The two-headed ogre resists with significant effort.
Your ufetubus hits the two-headed ogre. x2
Your shadow imp hits the two-headed ogre.
There is a stone staircase leading up here.
The two-headed ogre hits you but does no damage.
The two-headed ogre hits you with a +0 giant spiked club!
You die...
Your body glows slightly and disappears.

..............##.....#
.....>...............#
......##.............#
..............##5...##
....###..............##
.....#...........#.^..##
.......[......#5##.....#
..............#.O.....)#
................@....#....#
....................##......
.####..............## ..)....
##..#.......#........ .......
#...#......###..........#....
...##.##.#####...............
'.##...#..#.............
###.....................
............##.....
..........


You could see a two-headed ogre and a friendly ufetubus.

Vanquished Creatures
  A two-headed ogre (D:8)
  The ghost of mokwee the Magician, a novice OpWz (D:6)
  An ice beast (D:8)
  2 ogres
  A centaur (D:8)
  A bullfrog (D:8)
  3 wights (D:7)
  2 crimson imps
  3 bullfrog zombies (D:6)
  A hound (D:8)
  An orc priest (D:5)
  An orc wizard (D:5)
  An iguana (D:6)
  2 worker ants
  A hound skeleton (D:4)
  5 adders
  5 gnolls
  A shadow imp (D:5)
  2 oozes
  A dart slug (D:1)
  2 leopard geckos
  14 orcs
  3 giant cockroaches
  5 goblins
  7 hobgoblins
  13 jackals
  9 kobolds
  3 quokkas
  A ball python (D:2)
  9 bats
  10 frilled lizards
  7 rats
119 creatures vanquished.

Vanquished Creatures (collateral kills)
  2 skeletal warriors (D:8)
  Prince Ribbit (D:7)
  A hungry ghost (D:8)
  3 ice beasts
  2 ogres
  A centaur (D:6)
  A crocodile (D:8)
  A bullfrog (D:6)
  A wight (D:7)
  A howler monkey (D:8)
  A crimson imp (D:8)
  A jelly (D:6)
  A hound (D:4)
  A centaur skeleton (D:8)
  4 orc wizards
  A worker ant (D:8)
  2 gnolls (D:4)
  An adder (D:8)
  A shadow imp (D:8)
  An adder skeleton (D:8)
  7 orcs
35 creatures vanquished.

Grand Total: 154 creatures vanquished

Notes
Turn   | Place    | Note
-------+----------+-------------------------------------------
     0 | D:1      | maxmp3 the Demonspawn Gladiator began the quest for the
                  | Orb.
     0 | D:1      | Reached XP level 1. HP: 16/16 MP: 1/1
   122 | D:1      | Gained mutation: You have sharp fingernails. [demonic
                  | ancestry]
   122 | D:1      | Reached XP level 2. HP: 15/22 MP: 2/2
   218 | D:1      | Reached skill level 3 in Polearms
   603 | D:2      | Noticed a crimson imp
   618 | D:2      | Killed a crimson imp
   618 | D:2      | Gained mutation: Your flesh is cold resistant. (rC+)
                  | [demonic ancestry]
   618 | D:2      | Reached XP level 3. HP: 25/28 MP: 3/3
   911 | D:2      | Found an ancient bone altar of Kikubaaqudgha.
   991 | D:2      | Found a stormy altar of Qazlal.
  1002 | D:2      | Gained mutation: A weak demonic guardian rushes to your
                  | aid. [demonic ancestry]
  1002 | D:2      | Reached XP level 4. HP: 33/34 MP: 4/4
  1871 | D:3      | Reached skill level 1 in Armour
  1874 | D:3      | Reached skill level 4 in Polearms
  2065 | D:3      | Gained mutation: You are partially covered in large bone
                  | plates. (SH +4) [demonic ancestry]
  2065 | D:3      | Reached XP level 5. HP: 39/39 MP: 5/5
  2922 | D:4      | Found a sacrificial altar of Ru.
  2929 | D:4      | Reached skill level 1 in Short Blades
  3064 | D:4      | Gained mutation: You have very sharp fingernails. [demonic
                  | ancestry]
  3064 | D:4      | Reached XP level 6. HP: 46/46 MP: 6/6
  3216 | D:5      | Entered Level 5 of the Dungeon
  3306 | D:5      | Found a blossoming altar of Fedhas.
  3345 | D:5      | Found a sparkling altar of Nemelex Xobeh.
  3353 | D:5      | Became a worshipper of Nemelex Xobeh the Trickster
  3372 | D:5      | Found a glowing golden altar of the Shining One.
  3374 | D:5      | Found a bloodstained altar of Trog.
  3398 | D:5      | Found Zin's Purification Station.
  3398 | D:5      | Found a glowing silver altar of Zin.
  3420 | D:5      | Received a gift from Nemelex Xobeh
  3657 | D:5      | Found a shadowy altar of Dithmenos.
  3866 | D:5      | Received a gift from Nemelex Xobeh
  4106 | D:5      | Found a shimmering altar of Xom.
  4360 | D:6      | Reached skill level 5 in Polearms
  4360 | D:6      | Reached XP level 7. HP: 43/52 MP: 7/7
  4448 | D:6      | Found a staircase to the Ecumenical Temple.
  4457 | Temple   | Entered the Ecumenical Temple
  4583 | D:6      | Reached * piety under Nemelex Xobeh
  4672 | D:6      | Found a runed translucent door.
  4672 | D:6      | Noticed mokwee's ghost (novice OpWz)
  4682 | D:6      | Killed mokwee's ghost
  4802 | D:6      | Received a gift from Nemelex Xobeh
  4857 | D:6      | Reached skill level 6 in Polearms
  4881 | D:6      | Noticed a vampire mosquito
  4997 | D:6      | Found a white marble altar of Elyvilon.
  5346 | D:7      | Reached XP level 8. HP: 43/60 MP: 8/8
  5652 | D:7      | Reached ** piety under Nemelex Xobeh
  5790 | D:7      | Found a bloodstained altar of Trog.
  5882 | D:7      | Reached skill level 1 in Stealth
  5970 | D:7      | Noticed Prince Ribbit
  5979 | D:7      | Killed Prince Ribbit
  5979 | D:7      | Reached skill level 7 in Polearms
  6041 | D:7      | Received a gift from Nemelex Xobeh
  6352 | D:8      | Reached skill level 5 in Fighting
  6361 | D:8      | Noticed a skeletal warrior
  6361 | D:8      | Noticed a skeletal warrior
  6371 | D:8      | Gained mutation: You have claws for hands. [demonic
                  | ancestry]
  6371 | D:8      | Reached XP level 9. HP: 68/68 MP: 9/9
  6374 | D:8      | Reached skill level 5 in Armour
  6374 | D:8      | Reached skill level 1 in Shields
  6384 | D:8      | Noticed a green death
  6387 | D:8      | Killed a skeletal warrior
  6387 | D:8      | Reached skill level 8 in Polearms
  6389 | D:8      | Killed a skeletal warrior
  6508 | D:8      | Noticed a two-headed ogre
  6508 | D:8      | Noticed a two-headed ogre
  6510 | D:8      | Reached *** piety under Nemelex Xobeh
  6515 | D:8      | Killed a two-headed ogre
  6518 | D:8      | HP: 2/69 [two-headed ogre/+0 giant club (16)]
  6530 | D:8      | Mangled by a two-headed ogre

Levels and vault maps discovered:
D:1:      dpeg_arrival_pits, layout_loops_cross
D:2:      layout_basic, lemuel_crystal_altar, lemuel_coloured_pillars_altar,
          first_ration
D:3:      minmay_general_purpose_star, layout_basic
D:4:      layout_loops_cross, nicolae_ru_great_annihilating_truth
D:5:      layout_layer_cave, lemuel_crystal_altar,
          nemelex_xobeh_ov_fountains_minmay, grunt_dithmenos_smoke_and_mirrors,
          grunt_temple_overflow_open, zin_purify, fedhas_altar_2
D:6:      layout_gridville, lemuel_round_altar, minmay_temple_entry_grid,
          gammafunk_ghost_grave
D:7:      layout_cave_pods, basic_altar, uniq_prince_ribbit1
D:8:      cheibrodos_barr_body, layout_cave_pools
Temple:   compressed_dpeg_circular_temple

Skill      XL: |  1  2  3  4  5  6  7  8  9 |
---------------+----------------------------+-----
Polearms       | 3 4 5 6 7 8 |  8.9
Dodging        | 3 |  3.2
Armour         | 1 2 3 4 6 |  6.1
Short Blades   | 1 2 |  2.6
Fighting       | 3 4 5 6 |  6.0
Stealth        | 1 2 |  2.4
Shields        | 1 |  1.7
Throwing       | |  1.9

Action                   |  1- 3 |  4- 6 |  7- 9 || total
-------------------------+-------+-------+-------++-------
Melee: Trident           |    93 |    82 |       ||   175
       Short sword       |       |    80 |       ||    80
       Spear             |       |    88 |   137 ||   225
       Scythe            |       |       |    52 ||    52
 Abil: Draw Destruction  |       |     4 |    10 ||    14
       Draw Summoning    |       |       |     3 ||     3
       Draw Escape       |       |       |     1 ||     1
  Use: Scroll            |       |     4 |     5 ||     9
       Potion            |       |       |     1 ||     1
 Stab: Sleeping          |     1 |       |       ||     1
       Paralysed         |       |     1 |       ||     1
       Distracted        |       |       |     2 ||     2
  Eat: Ration            |       |     3 |     2 ||     5
       Chunk             |       |     3 |     3 ||     6
Armor: Leather armour    |    21 |       |       ||    21
       Scale mail        |    10 |    32 |       ||    42
       Crystal plate arm |       |   192 |   110 ||   302
Dodge: Dodged            |    60 |    51 |    13 ||   124
Block: Other             |       |    29 |    26 ||    55

Table legend:
 A = Non-vault XP
 B = Vault XP
 C = Vault XP percentage of total XP
 D = Non-vault monster count
 E = Vault monster count
 F = Vault count percentage of total count
                 A         B        C        D         E       F
            +---------+---------+-------+---------+---------+-------
      Total |    2901 |    1935 |  40.0 |     133 |      21 |  13.6
            +---------+---------+-------+---------+---------+-------
        D:1 |      33 |       0 |   0.0 |      20 |       0 |   0.0
        D:2 |      67 |       0 |   0.0 |      15 |       0 |   0.0
        D:3 |      96 |       3 |   3.0 |      21 |       2 |   8.7
        D:4 |     161 |      41 |  20.3 |      21 |       4 |  16.0
        D:5 |     257 |       0 |   0.0 |      22 |       0 |   0.0
        D:6 |     431 |     332 |  43.5 |      16 |       1 |   5.9
        D:7 |     513 |     226 |  30.6 |       7 |       1 |  12.5
        D:8 |    1343 |    1333 |  49.8 |      11 |      13 |  54.2
            +---------+---------+-------+---------+---------+-------
